 Dungeon Crawl Stone Soup version 0.24.0-13-gcf9b319 (webtiles) character file.

Game seed: 6396040013399212671, levelgen mode: deterministic

651 Bronimir the Magician (level 7, -8/43 HPs)
             Began as an Octopode Wizard on Mar 25, 2020.
             Was a Follower of Sif Muna.
             Mangled by an ogre
             ... wielding a +0 giant club
              (24 damage)
             ... on level 6 of the Dungeon.
             The game lasted 00:19:22 (6911 turns).

Bronimir the Magician (Octopode Wizard)             Turns: 6911, Time: 00:19:23

Health: -8/43      AC:  1    Str:  6    XL:     7   Next: 53%
Magic:  6/14       EV: 18    Int: 22    God:    Sif Muna [*.....]
Gold:   86         SH:  0    Dex: 15    Spells: 3/16 levels left

rFire    x . .     SeeInvis .   w - +1 rapier of the Exiled Ships {flame, rF- Dex+4} (curse)
rCold    . . .     Gourm    .   (no shield)
rNeg     . . .     Faith    .   j - +0 hat
rPois    .         Spirit   .   (no amulet)
rElec    .         Reflect  .   q - +3 ring of evasion
rCorr    .         Harm     .   (no ring)
MR       .....                  (no ring)
Stlth    +++.......             (no ring)
HPRegen  0.14/turn              (no ring)
MPRegen  0.14/turn              (no ring)
                                (no ring)
                                (no ring)

@: no status effects
A: almost no armour, stealthy swim, amphibious, 8 rings, constrict 8, camouflage
1, gelatinous body 1
a: Channel Magic, Renounce Religion


You were on level 6 of the Dungeon.
You worshipped Sif Muna.
Sif Muna was aware of your devotion.
You were very hungry.

You visited 2 branches of the dungeon, and saw 7 of its levels.

You collected 302 gold pieces.
You spent 216 gold pieces at shops.

Inventory:

Hand Weapons
 a - a +0 hand axe of electrocution
 b - a +0 shortbow
 m - a +3 dagger of holy wrath
 w - the cursed +1 rapier of the Exiled Ships (weapon) {flame, rF- Dex+4}
   (You bought it in a shop on level 4 of the Dungeon)

   It has been specially enchanted to burn those struck by it, causing extra
   injury to most foes and up to half again as much damage against particularly
   susceptible opponents.
   It affects your dexterity (+4).
   It makes you vulnerable to fire.
   It has a curse placed upon it.
 A - a +0 spear
 D - a +0 mace
Missiles
 d - 43 sling bullets
 e - 157 stones
 l - 23 arrows
 o - 17 poisoned darts (quivered)
 B - 44 bolts
Armour
 j - a +0 hat (worn)
Jewellery
 q - a +3 ring of evasion (left tentacle)
 E - an uncursed ring of wizardry {unknown}
 F - an uncursed ring of stealth {unknown}
 I - an uncursed ring of ice {unknown}
Wands
 s - a wand of iceblast (11)
 y - a wand of acid (6)
Scrolls
 f - 4 scrolls of teleportation
 i - 7 scrolls of identify
 r - a scroll of fog
 u - 3 scrolls of remove curse {unknown}
 z - a scroll of enchant armour {unknown}
 G - 2 scrolls of amnesia {unknown}
 H - a scroll of fear {unknown}
Potions
 g - 2 potions of lignification {unknown}
 h - 2 potions of flight {unknown}
 k - 3 potions of haste {unknown}
 n - 3 potions of brilliance {unknown}
 p - 2 potions of curing {unknown}
 t - a potion of might {unknown}
 v - 2 potions of heal wounds {unknown}
 x - a potion of degeneration {unknown}
 C - a potion of magic {unknown}
Comestibles
 c - 12 rations


   Skills:
 + Level 1.0 Fighting
 + Level 1.6 Short Blades
 + Level 0.9 Maces & Flails
 * Level 3.9 Dodging
 - Level 2.6 Stealth
 + Level 5.2 Spellcasting
 * Level 3.7 Conjurations
 + Level 1.0 Hexes
 + Level 2.2 Summonings
 + Level 1.0 Translocations


You had 3 spell levels left.
You knew the following spells:

 Your Spells              Type           Power        Failure   Level  Hunger
a - Magic Dart            Conj           ###.         2%          1    None
b - Blink                 Tloc           N/A          10%         2    None
c - Call Imp              Summ           ###.....     6%          2    None
d - Slow                  Hex            ##......     10%         2    None
e - Conjure Flame         Conj/Fire      ##......     14%         3    ##.....
f - Mephitic Cloud        Conj/Pois/Air  ##......     19%         3    ##.....

Your spell library contained the following spells:

 Spells                   Type           Power        Failure   Level  Hunger


Dungeon Overview and Level Annotations

Branches:
Dungeon (6/15)             Temple (1/1) D:4

Altars:
Dithmenos
Fedhas
Hepliaklqana
Makhleb
Nemelex Xobeh
Okawaru
Ru
Sif Muna
Uskayaw
Wu Jian

Shops:
D:4 (   D:5 =


Innate Abilities, Weirdness & Mutations

You cannot wear most types of armour.
You are very stealthy in the water. (Stealth+)
You are amphibious.
You can wear up to eight rings at the same time.
You can use your tentacles to constrict eight enemies at once.
Your skin changes colour to match your surroundings (Stealth+).
Your rubbery body absorbs attacks. (AC +1, EV +1)


Message History

A beastly little devil appears in a puff of flame.
Your crimson imp closely misses the ogre.
The ogre hits you with a +0 giant club!!
Ouch! That really hurt!
Casting: Call Imp (safe; 6% risk of failure)
Confirm with . or Enter, or press ? or * to list all spells.
Aiming: Slow (safe; 10% risk of failure)
Press: ? - help, Shift-Dir - straight line, f - ogre
Aim: an ogre, wielding a +0 giant club (chance to defeat MR: 46%)
The ogre resists with some effort.
Your crimson imp hits the ogre.
Your crimson imp hits the ogre but does no damage.
Casting: Slow (safe; 10% risk of failure)
Confirm with . or Enter, or press ? or * to list all spells.
Aiming: Slow (safe; 10% risk of failure)
Press: ? - help, Shift-Dir - straight line, f/p - ogre
Aim: an ogre, wielding a +0 giant club (lightly wounded, chance to defeat MR: 46%)
The ogre resists with some effort.
Your crimson imp hits the ogre.
The ogre hits you with a +0 giant club!!
Ouch! That really hurt!
You die...

#.# ##'## #.# ##...##
#.# ##.....##
#.###.......#
#.##.........# # ###
#..'.........+
#.###.###.##.........#
#.........###.......##
##..@O.### ##.....##
#....55.# ##...##
##......# #....
##...#.# ..## ##.#....
.# ###..... ..#### ..#


You could see an ogre and 2 friendly crimson imps.

Vanquished Creatures
  An ice beast (D:5)
  An ogre (D:5)
  A bullfrog zombie (D:5)
  2 orc wizards
  An iguana (D:6)
  4 worker ants
  A hound zombie (D:5)
  2 gnolls (D:4)
  7 adders
  3 oozes
  2 worms
  3 dart slugs
  4 leopard geckos
  9 orcs
  3 bats
  8 giant cockroaches
  9 goblins
  6 hobgoblins (D:1)
  2 jackals (D:6)
  2 quokkas
  2 ball pythons
  2 frilled lizards
  5 kobolds
  7 rats
87 creatures vanquished.

Vanquished Creatures (collateral kills)
  A sky beast (D:4)
  2 gnolls (D:4)
  An adder (D:5)
  3 orcs
7 creatures vanquished.

Grand Total: 94 creatures vanquished

Notes
Turn   | Place    | Note
-------+----------+-------------------------------------------
     0 | D:1      | Bronimir the Octopode Wizard began the quest for the Orb.
     0 | D:1      | Reached XP level 1. HP: 11/11 MP: 4/4
   289 | D:1      | Reached XP level 2. HP: 17/17 MP: 1/6
   473 | D:1      | Learned a level 2 spell: Blink
   476 | D:1      | Learned a level 2 spell: Call Imp
   479 | D:1      | Learned a level 2 spell: Slow
   746 | D:1      | Reached XP level 3. HP: 21/21 MP: 2/7
   940 | D:1      | You fall into a shaft and drop 1 floor!
  1339 | D:2      | Found an iron altar of Okawaru.
  1933 | D:2      | Reached XP level 4. HP: 6/27 MP: 2/9
  2938 | D:3      | Found a hide-covered altar of Uskayaw.
  3179 | D:3      | Reached XP level 5. HP: 27/32 MP: 6/10
  3454 | D:3      | Reached skill level 4 in Spellcasting
  3629 | D:4      | Noticed a sky beast
  3819 | D:4      | Found a staircase to the Ecumenical Temple.
  3872 | Temple   | Entered the Ecumenical Temple
  3929 | Temple   | Became a worshipper of Sif Muna the Loreminder
  4007 | D:4      | Found Cymnuxtirha's Antique Weapon Boutique.
  4018 | D:4      | Bought a slimy rapier for 216 gold pieces
  4018 | D:4      | Identified the cursed +1 rapier of the Exiled Ships {flame,
                  | rF- Dex+4} (You bought it in a shop on level 4 of the
                  | Dungeon)
  4439 | D:4      | Killed a sky beast
  4439 | D:4      | Reached XP level 6. HP: 7/37 MP: 2/12
  5173 | D:5      | Entered Level 5 of the Dungeon
  5319 | D:5      | Found Nyafir's Jewellery Emporium.
  5367 | D:5      | Noticed an ice beast
  5579 | D:5      | Learned a level 3 spell: Conjure Flame
  5583 | D:5      | Learned a level 3 spell: Mephitic Cloud
  5718 | D:5      | Found a sacrificial altar of Ru.
  6219 | D:5      | Killed an ice beast
  6219 | D:5      | Reached skill level 1 in Short Blades
  6219 | D:5      | Reached XP level 7. HP: 26/42 MP: 4/14
  6385 | D:5      | Reached skill level 1 in Fighting
  6445 | D:5      | Reached * piety under Sif Muna
  6445 | D:5      | Reached skill level 5 in Spellcasting
  6445 | D:5      | Reached skill level 1 in Hexes
  6911 | D:6      | Mangled by an ogre

Levels and vault maps discovered:
D:1:      saegor_arrival_under_anarchy, layout_basic, grunt_decor_arrowhead
D:2:      layout_basic, marbit_many_paths
D:3:      layout_rooms, lemuel_round_altar, grunt_decor_one_mirror
D:4:      layout_gridville, temple_pool_b, serial_shops, nicolae_shop_crystal,
          first_ration
D:5:      layout_loops_ring, nicolae_ru_awakened_eye, serial_shops,
          nicolae_shop_statue_plus
D:6:      layout_loops_corners
Temple:   nicolae_temple_elliptical

Skill      XL: |  1  2  3  4  5  6  7 |
---------------+----------------------+-----
Conjurations   | 2 3 |  3.7
Dodging        | 3 |  3.9
Spellcasting   | 4 5 |  5.2
Short Blades   | 1 |  1.6
Summonings     | 2 |  2.2
Fighting       | 1 |  1.0
Hexes          | 1 |  1.0
Maces & Flails | |  0.9
Stealth        | |  2.6
Translocations | |  1.0

Action                   |  1- 3 |  4- 6 |  7- 9 || total
-------------------------+-------+-------+-------++-------
Melee: Mace              |    10 |       |       ||    10
       Constrict         |     5 |    10 |     1 ||    16
       Hand axe          |    13 |     2 |       ||    15
       Tentacles         |     1 |     6 |     2 ||     9
       Dagger            |       |    27 |       ||    27
       Rapier            |       |    20 |     6 ||    26
 Cast: Magic Dart        |    83 |   135 |    29 ||   247
       Call Imp          |     1 |    21 |     2 ||    24
       Slow              |       |     9 |     3 ||    12
       Conjure Flame     |       |       |     1 ||     1
       Mephitic Cloud    |       |       |     1 ||     1
  Use: Scroll            |       |     4 |       ||     4
 Stab: Sleeping          |     1 |     1 |       ||     2
       Distracted        |       |     1 |       ||     1
  Eat: Chunk             |     2 |    11 |     1 ||    14
       Ration            |       |     1 |       ||     1
Armor: Skin              |       |     2 |       ||     2
Dodge: Dodged            |    28 |    68 |    10 ||   106
